[Event "II Duchamp Open 2018"]
[Site "Rio de Janeiro"]
[Date "2018.11.14"]
[Round "1"]
[White "Rodi, Luis Ernesto"]
[Black "Rodrigues, Nei Jorge"]
[Result "1-0"]
[ECO "A45"]
[WhiteElo "2327"]
[BlackElo "1978"]
[Annotator "RC"]
[PlyCount "101"]
[EventDate "2018.11.14"]
[EventType "swiss"]
[EventCountry "BRA"]
[SourceTitle "playchess.com"]
[Source "ChessBase"]
[SourceQuality "1"]
[TimeControl "5400+30"]

1. d4 Nf6 2. Bg5 g6 3. Bxf6 exf6 4. e3 d5 5. c4 c6 6. cxd5 Qxd5 7. Nc3 Qa5 8. Bc4 Bd6 9. h4 h5 10. Qc2 Na6 11. Nge2 b5 12. Qe4+ Kf8 13. Qxc6 bxc4 14. Qxa8 Kg7 15. Qd5 Qb6 16. Qxc4 Bd7 17. O-O Rc8 18. Qb3 Qd8 19. Ne4 Be7 20. Nf4 Rb8 21. Qc3 Bb4 22. Qc2 Bf5 23. Qa4 Bxe4 24. Qxa6 Bd6 25. b3 Qd7 26. Qe2 Re8 27. f3 Bc6 28. Qf2 Qe7 29. Rac1 Bb5 30. Rfe1 Ba3 31. Nd5 Qb7 32. e4 Rd8 33. Rc7 Qb8 34. Qc2 Bd6 35. Rc1 Bd7 36. Qc3 Be6 37. Ne3 Bf4 38. Kf2 Rd7 39. Rc8 Bg3+ 40. Ke2 Qf4 41. d5 Bg4 42. Qc5 Rd6 43. fxg4 Qxe4 44. Qc4 Qe5 45. Qc3 Qe4 46. Qd3 Qe5 47. R8c4 hxg4 48. Qe4 Qb2+ 49. R4c2 Qa3 50. Qxg4 Be5 51. Nf5+ 1-0

[Event "II Duchamp Open 2018"]
[Site "Rio de Janeiro"]
[Date "2018.11.14"]
[Round "1"]
[White "Baeta, Marcio Netto"]
[Black "Guimaraes, Diogo Duarte"]
[Result "0-1"]
[ECO "C24"]
[WhiteElo "1977"]
[BlackElo "2272"]
[Annotator "RC"]
[PlyCount "38"]
[EventDate "2018.11.14"]
[EventType "swiss"]
[EventCountry "BRA"]
[SourceTitle "playchess.com"]
[Source "ChessBase"]
[SourceQuality "1"]
[TimeControl "5400+30"]

1. e4 e5 2. Bc4 Nf6 3. d4 exd4 4. Nf3 Nxe4 5. Qxd4 Nf6 6. Bg5 Nc6 7. Qh4 d5 8. Bxf6 gxf6 9. Bb3 Qe7+ 10. Kd1 Be6 11. Nc3 O-O-O 12. Kc1 d4 13. Ne4 f5 14. Neg5 Bxb3 15. axb3 Qc5 16. Nxf7 Rd7 17. Nxh8 Nb4 18. Ne1 d3 19. c3 d2+ 0-1

[Event "II Duchamp Open 2018"]
[Site "Rio de Janeiro"]
[Date "2018.11.14"]
[Round "2"]
[White "Nascimento, Pedro Henrique Alve"]
[Black "De Almeida, Roberto A. Ferreira"]
[Result "1-0"]
[ECO "D06"]
[WhiteElo "2007"]
[BlackElo "1784"]
[Annotator "NA RC"]
[PlyCount "85"]
[EventDate "2018.11.14"]
[EventType "swiss"]
[EventCountry "BRA"]
[SourceTitle "playchess.com"]
[Source "ChessBase"]
[SourceQuality "1"]
[TimeControl "5400+30"]

1. d4 d5 2. c4 Nf6 3. cxd5 Qxd5 4. Nc3 Qd8 5. e4 e6 {[%emt 0:01:34] LiveBook: 10 Games} (5... e5 $11 {remains equal.}) 6. Nf3 Bb4 7. Qa4+ {[%emt 0:03:01] D06: Damengambit (Seltene Züge)} (7. Bd3 c5 8. a3 cxd4 9. axb4 dxc3 10. bxc3 Qc7 11. c4 b6 12. Bb2 Bb7 13. O-O Nc6 14. Qd2 Ne7 {1-0 (36) Gleyzer,L (2323)-Vecek,M (2321) ICCF email 2015}) 7... Nc6 8. Bb5 Bd7 9. Bg5 ({Lieber} 9. Qc2 $14) 9... h6 (9... a6 $11 10. Bxf6 axb5 11. Qxb4 Nxb4 12. Bxd8 Nc2+ 13. Kd2 Nxa1 14. Bxc7 b4 15. Rxa1 bxc3+ 16. bxc3 Ra6) 10. Bxf6 Qxf6 11. O-O Bxc3 $1 12. bxc3 O-O $146 ({Vorgänger:} 12... a6 13. Bxc6 Bxc6 14. Qc2 O-O {½-½ (38) Pereira,E (1748)-Monteiro,L (1775) Cordeiropolis 2013}) 13. Qd1 a6 14. Bd3 e5 15. d5 Ne7 16. Nd2 Ng6 17. g3 c6 18. Re1 Qg5 19. Nf3 Qg4 20. Nh4 (20. c4 $16) 20... Qxd1 21. Raxd1 Nxh4 22. gxh4 Bg4 23. Be2 Bxe2 24. Rxe2 Rad8 25. c4 f5 26. a4 ({White should play} 26. c5 $16) 26... fxe4 27. Rxe4 Rf4 28. Rxf4 exf4 29. Kg2 Kf7 $2 {[%emt 0:02:45] [#]} (29... cxd5 $11 {and Black stays safe.} 30. cxd5 b5) 30. dxc6 $1 Ke7 31. Rxd8 Kxd8 32. cxb7 Kc7 33. Kf3 Kxb7 34. Ke4 (34. Kxf4 $142 Kc7 35. Kf5 a5 36. Kg6 Kb6 37. Kxg7 h5 38. f4 Kc5 39. f5 Kxc4 40. f6) 34... Kb6 35. Kd5 g5 36. hxg5 hxg5 37. h3 f3 38. c5+ Kc7 39. a5 Kd7 40. c6+ Kc8 41. Ke5 Kc7 42. Kf5 Kxc6 43. Kxg5 1-0

[Event "II Duchamp Open 2018"]
[Site "Rio de Janeiro"]
[Date "2018.11.14"]
[Round "2"]
[White "Rodrigues, Nei Jorge"]
[Black "Santos Filho, Tadeu Sousa"]
[Result "1/2-1/2"]
[ECO "A45"]
[WhiteElo "1978"]
[BlackElo "2078"]
[Annotator "NA RC"]
[PlyCount "65"]
[EventDate "2018.11.14"]
[EventType "swiss"]
[EventCountry "BRA"]
[SourceTitle "playchess.com"]
[Source "ChessBase"]
[SourceQuality "1"]
[TimeControl "5400+30"]

1. d4 Nf6 2. g3 g6 3. Bg2 Bg7 4. e4 d6 5. Ne2 O-O {[%emt 0:00:44] LiveBook: 709 Games} 6. Bg5 {B06: Modern Defence} (6. Nbc3 e5 7. h3 exd4 8. Nxd4 Bd7 9. O-O Nc6 10. Nb3 Re8 11. Re1 a6 12. a4 Be6 13. Nd5 Ne5 14. Nd4 Bd7 15. Bg5 c6 16. Nxf6+ Bxf6 17. Bxf6 Qxf6 {1-0 (66) Zubov,A (2612)-Demchenko,A (2645) Konya 2017}) 6... h6 7. Be3 Ng4 $146 ({Predecessor:} 7... e5 8. dxe5 dxe5 9. Qxd8 Rxd8 10. h3 b6 11. Nd2 Ba6 12. c4 Nc6 {0-1 (66) Tagliaferri,V (1807)-Spornberger,M (2225) Crema 2012}) 8. Bc1 c5 9. O-O cxd4 10. Nxd4 Qb6 11. c3 Nc6 12. h3 Nge5 13. Ne2 Rd8 14. Na3 a6 15. Qc2 Qc7 16. f4 Nd7 17. f5 g5 18. Nc4 b5 19. Ne3 Nf6 20. a4 Bb7 21. Bd2 Rdc8 22. Kh2 Qb6 23. Qb1 Ne5 24. b3 Rab8 25. axb5 axb5 26. b4 (26. Nd5 $142 Bxd5 27. exd5) 26... Ra8 27. Qc2 $1 (27. Rxa8 $17 Rxa8 28. Nd4) 27... Nc6 $2 (27... Rxa1 $19 28. Rxa1 Nc4 29. Nxc4 Rxc4) 28. Qb3 $2 Ne5 (28... Rxa1 $17 29. Rxa1 Ne5) 29. Qc2 Nc6 {White should try} 30. Qd3 $11 Ne5 ({Better is} 30... Rxa1 $17 31. Rxa1 Ne5) 31. Qc2 Nc6 32. Qb3 Ne5 $11 33. Qc2 $1 1/2-1/2

[Event "II Duchamp Open 2018"]
[Site "Rio de Janeiro"]
[Date "2018.11.15"]
[Round "2"]
[White "Chang, Suzana"]
[Black "Reis, Virginia Lagrange M"]
[Result "1-0"]
[ECO "A36"]
[WhiteElo "1968"]
[BlackElo "1750"]
[Annotator "NA RC"]
[PlyCount "113"]
[EventDate "2018.11.14"]
[EventType "swiss"]
[EventCountry "BRA"]
[SourceTitle "playchess.com"]
[Source "ChessBase"]
[SourceQuality "1"]
[TimeControl "5400+30"]

1. g3 c5 2. c4 Nc6 3. Bg2 g6 4. Nc3 Bg7 5. Rb1 d6 6. d3 {[%emt 0:01:15] LiveBook: 19 Games} Rb8 {[%emt 0:01:17] A36: Symmetrical English vs ...g6: 4 Bg2 Bg7} (6... e5 7. a3 a5 8. Nf3 Nge7 9. O-O O-O 10. Ne1 Be6 11. Nc2 d5 12. cxd5 Nxd5 13. Ne3 Nde7 14. Bd2 Rb8 15. Na4 b6 16. b4 cxb4 17. axb4 axb4 18. Bxb4 Nxb4 19. Rxb4 b5 20. Nc5 Qd6 21. Nxe6 Qxb4 22. Nxf8 Bxf8 {½-½ (37) Berkes,F (2678)-Mekhitarian,K (2550) Khanty-Mansiysk 2010}) 7. Bd2 Bd7 8. e3 $146 ({Predecessor:} 8. a3 a5 9. Nf3 Nf6 10. O-O O-O 11. Ne1 b6 12. Nc2 Nd4 13. b4 axb4 14. axb4 Bc6 15. Nxd4 Bxg2 16. Kxg2 cxd4 17. Nb5 e5 18. e3 dxe3 19. Bxe3 {1-0 (40) Micheli,C (2268)-Wittmann,W (2286) Rogaska Slatina 2012}) 8... Ne5 9. Qc2 Bc6 10. e4 f5 11. f4 Nf7 12. Nf3 e5 (12... e6 $14) 13. exf5 Ne7 14. fxg6 hxg6 15. O-O Bd7 $2 (15... exf4 $16 {is a better defense.} 16. Bxf4 O-O) 16. Rbe1 O-O 17. Ne4 b6 18. fxe5 dxe5 19. h3 Qc7 20. g4 Rbe8 21. Be3 Nc6 22. Qf2 Nb4 23. Rd1 (23. Nh4 $18 Re6 24. Qd2) 23... Nxa2 $2 (23... Bc6 $16) 24. Qh4 Bc8 $2 (24... Nb4 25. Nfg5 Nh6 26. Nf6+ Bxf6) 25. Bg5 Nxg5 (25... Nd6 $142 26. Nf6+ Bxf6) 26. Nfxg5 ({Weaker is} 26. Nexg5 Bf6 $16) 26... Bh8 {[%emt 0:00:47] [#]} 27. Qh6 $2 (27. Nd6 $1 e4 (27... Qxd6 28. Qh7#) 28. Nxe8 Rxe8 29. Rf7 Qxf7 30. Nxf7 Kxf7 31. Qh7+ Ke6 32. Qxg6+ Kd7 33. Bxe4 Bd4+ 34. Kg2) 27... Qg7 28. Qxg7+ Bxg7 29. Nd6 Nb4 30. Nxe8 Rxe8 31. Ne4 Rd8 32. Nf6+ Kh8 33. Nd5 Nc2 34. Be4 Be6 35. Rf3 Nd4 36. Rf2 Kh7 37. Ra1 Rd7 38. Raf1 Kh8 39. Kg2 g5 40. Nf6 Rf7 41. Nh5 Rxf2+ 42. Rxf2 ({Less strong is} 42. Kxf2 Bd7 $18) 42... Bg8 43. Nf6 Be6 44. Nd5 Kg8 45. Kf1 Bf7 (45... Bxd5 $142 46. Bxd5+ Kh7) 46. Nc7 (46. Ne7+ $142 Kf8 47. Bd5) 46... Nb3 47. Ke2 Nd4+ 48. Ke3 Bf8 49. Bd5 Bxd5 50. cxd5 Bd6 51. Ne8 Nb5 52. Ke4 Bb8 53. Rf6 Nd4 54. d6 Nc6 55. d7 Nd8 56. Kd5 Kh8 57. Rf8+ $18 (57. Rg6 $142 Kh7 58. Rxg5 Bc7 59. Nxc7 c4 60. dxc4 Kh6 61. h4 Nb7 62. Ne8) 1-0

[Event "II Duchamp Open 2018"]
[Site "Rio de Janeiro"]
[Date "2018.11.14"]
[Round "2"]
[White "Ramos, Angelo Bil"]
[Black "Souza Neves, Andrey M."]
[Result "0-1"]
[ECO "C50"]
[WhiteElo "1952"]
[BlackElo "2074"]
[Annotator "NA RC"]
[PlyCount "84"]
[EventDate "2018.11.14"]
[EventType "swiss"]
[EventCountry "BRA"]
[SourceTitle "playchess.com"]
[Source "ChessBase"]
[SourceQuality "1"]
[TimeControl "5400+30"]

1. e4 e5 2. Nf3 Nc6 3. Bc4 Nf6 4. d3 Bc5 5. O-O O-O 6. Nbd2 d6 7. c3 a5 {[%emt 0:03:18] LiveBook: 73 Games} 8. a4 Qe7 9. Re1 {[%emt 0:01:10] C54: Giuoco Piano: 4 c3 Nf6, main lines with 5 d4 and 5 d3} (9. h3 Kh8 10. Re1 Be6 11. Qb3 Ra6 12. Nf1 Rb6 13. Qc2 Bxc4 14. dxc4 Nh5 15. Be3 Nf4 16. Bxc5 dxc5 {1-0 (46) Balashov,Y (2451)-Korensky,S (2194) Tambov 2017}) 9... Nh5 $146 ({Predecessor:} 9... Ng4 10. Re2 Bb6 11. Nf1 Kh8 12. h3 Nf6 13. Ng3 Be6 14. Qb3 Nd7 15. Be3 Ra6 16. d4 Bxc4 17. Qxc4 {1-0 (46) Grabher,H (2311)-Dietmayer Kraeutler,M (2287) Austria 2006}) 10. Nb3 Be6 (10... Bb6 $11) 11. Bd5 (11. Ng5 $16 Nf4 12. Nxe6 Nxe6 13. Nxc5 dxc5 14. Qg4) 11... Bb6 12. d4 Rae8 13. Be3 exd4 14. Nfxd4 Nxd4 15. Bxd4 Bxd4 16. Nxd4 Nf4 17. Nf3 c6 18. Bb3 Bg4 19. Qd2 {[%emt 0:10:38] [#]} (19. Re3 $11 {bleibt in der Remisbreite.}) 19... Nh3+ $1 20. gxh3 Bxf3 21. Bd1 Qf6 22. Bxf3 Qxf3 23. Qe3 Qxe3 (23... Qh5 $17 24. Qd3 Re6) 24. Rxe3 f5 25. Rd1 f4 ({Of course not} 25... Rxe4 $6 26. Rxe4 fxe4 27. Rxd6 $14) 26. Red3 Rxe4 27. Rxd6 f3 ({Better is} 27... Rxa4 $17 28. Rd7 b5) 28. R6d4 Rfe8 29. Kf1 $17 Re2 30. R4d3 Rxb2 31. Rxf3 Rf8 32. Kg2 Rxf3 33. Kxf3 Rb3 34. Rd3 b5 35. axb5 cxb5 36. Ke4 a4 37. Rd8+ Kf7 38. Kd4 Rb2 39. Kc5 a3 40. Ra8 a2 41. f3 Kf6 42. c4 b4 0-1

[Event "II Duchamp Open 2018"]
[Site "Rio de Janeiro"]
[Date "2018.11.15"]
[Round "2"]
[White "Chaves, Jorge Antonio Torre"]
[Black "Ferreira, Kleber Victor"]
[Result "1-0"]
[ECO "C48"]
[WhiteElo "1922"]
[BlackElo "2053"]
[Annotator "NA RC"]
[PlyCount "81"]
[EventDate "2018.11.14"]
[EventType "swiss"]
[EventCountry "BRA"]
[SourceTitle "playchess.com"]
[Source "ChessBase"]
[SourceQuality "1"]
[TimeControl "5400+30"]

1. e4 e5 2. Nc3 Nc6 3. Nf3 Nf6 4. Bb5 Nd4 5. Bc4 c6 {[%emt 0:20:18] C48: Four Knights: 4 Bb5, replies other than 4...Bb4} (5... Bc5 6. d3 d6 7. Na4 b5 8. Nxd4 bxc4 9. Nf5 Bxf5 10. exf5 cxd3 11. Nxc5 dxc5 12. cxd3 Qd7 13. Qf3 O-O 14. Bg5 Rab8 {½-½ (30) Kovalev,V (2664)-Ragger,M (2686) Batumi 2018}) 6. O-O d5 (6... d6 $11) 7. exd5 $1 cxd5 {[%emt 0:01:19] LiveBook: 3 Games} 8. Nxd4 dxc4 9. Nf3 Bd6 10. d3 O-O $146 ({Predecessor:} 10... Be6 11. Bg5 Qa5 12. dxc4 O-O-O 13. Qe2 {1-0 (35) Bagi,M (2443)-Kiremitciyan,A (2194) Prague 2017}) 11. Bg5 h6 12. Bxf6 gxf6 (12... Qxf6 $142 13. dxc4 Rd8) 13. Nh4 (13. dxc4 $16 Be6 14. Qd2) 13... f5 $1 14. g3 Be6 15. Qf3 cxd3 16. cxd3 (16. Nxf5 $16 Qf6 17. g4 Bxf5 18. cxd3) 16... Qd7 17. Rfe1 Rad8 18. Rad1 Kh7 $2 {[%emt 0:02:33] [#]} ({Lieber} 18... f4 $11) 19. d4 $1 e4 20. Qe3 ({Lieber} 20. Qh5 $16) 20... Bc4 {[%emt 0:03:27] [#]} 21. Ng2 (21. b3 $1 $16 Ba6 22. Nd5) 21... Rg8 22. b3 Bd3 23. Nd5 Kg7 24. Rc1 Bb5 25. Red1 ({Günstiger ist} 25. a4 $14 Ba6 26. Rcd1) 25... Bc6 {[%emt 0:01:27] [#]} (25... Ba3 $11 {keeps the balance.} 26. Ngf4 Bxc1 27. Rxc1 Qd6) 26. Ndf4 $1 Be7 $2 (26... Qe7 $16) 27. Nh5+ Kh7 {[%emt 0:00:09] [#]} 28. Ngf4 $2 (28. d5 $1 $18 {ist der präzise Gewinnweg.}) 28... Bg5 (28... Qd6 $16 {is a better defense.}) 29. Rc5 $2 (29. d5 $1 $18 {[%cal Rd5c6] and the rest is easy.} Bb5 30. a4 (30. Qxa7 Ra8 $18)) 29... b6 30. Rc3 Rc8 (30... Qd6 $14) 31. Rdc1 Bb7 {[%emt 0:00:31] [#]} 32. Rxc8 (32. d5 $1 $16) 32... Rxc8 33. Rxc8 Qxc8 34. h4 (34. Qd2 $14) 34... Be7 35. Qd2 a5 36. d5 (36. Ng2 $16) 36... Bb4 $2 {[%emt 0:00:23] [#]} (36... Qh8 $1 $11 {and Black stays safe.}) 37. Nf6+ $1 ({Less strong is} 37. Qd4 Qc3 $16) 37... Kh8 38. Qd4 $1 Qc5 $2 (38... Bc3 39. Qxb6 e3 40. fxe3 Be5) 39. Qe5 Qc3 40. Qe8+ Kg7 41. N4h5+ 1-0

[Event "II Duchamp Open 2018"]
[Site "Rio de Janeiro"]
[Date "2018.11.14"]
[Round "2"]
[White "Goncalves, Luiz Osvaldo Cifuen"]
[Black "Manzi, Luiz Antonio Bardar"]
[Result "0-1"]
[ECO "C26"]
[WhiteElo "1813"]
[BlackElo "2047"]
[Annotator "NA RC"]
[PlyCount "170"]
[EventDate "2018.11.14"]
[EventType "swiss"]
[EventCountry "BRA"]
[SourceTitle "playchess.com"]
[Source "ChessBase"]
[SourceQuality "1"]
[TimeControl "5400+30"]

1. e4 Nf6 2. Nc3 e5 3. Bc4 Bb4 4. d3 O-O 5. Nf3 {[%emt 0:00:15] LiveBook: 9 Partien} c6 6. O-O d5 {[%emt 0:01:01] C42: Russische Verteidigung (Petrow)} (6... d6 7. a3 Ba5 8. Ba2 Be6 9. Ne2 Nbd7 10. Ng3 Re8 11. Nh4 d5 12. Nhf5 Nf8 13. Qf3 dxe4 14. dxe4 Bxa2 15. Rxa2 {1-0 (27) Aronian,L (2648)-Rabiega,R (2527) playchess.com INT 2004}) 7. exd5 cxd5 8. Bb3 $1 Bxc3 9. bxc3 Nc6 10. h3 h6 $146 ({Vorgänger:} 10... Bf5 11. Bg5 Qd6 12. Bxf6 Qxf6 13. Bxd5 Rad8 14. Bxc6 bxc6 {1-0 (39) Braskin,I-Hofmann,W ICCF corr 1990}) 11. Re1 Re8 12. Ba4 Qd6 13. d4 e4 14. Ne5 Nd7 15. f4 Nb6 (15... exf3 $5 16. Nxf3 Nf6 $11) 16. Bb3 f6 17. Ng4 Bxg4 18. Qxg4 Na5 19. f5 Kf8 (19... Kh8 $17) 20. Bf4 Qd7 21. Qg6 ({Better is} 21. Re3 $1 $11) 21... Qf7 (21... Nbc4 $15) 22. Qg3 (22. Qxf7+ $11 Kxf7 23. Rab1) 22... Nac4 23. a4 a5 24. Bd6+ Kg8 25. Bf4 Qh5 26. Rf1 Rac8 27. Rae1 Rc6 28. Qh2 Rec8 29. g4 Qe8 30. Qe2 Qd7 31. Qg2 Kh8 32. Kh1 Nb2 33. Ra1 Rxc3 34. Bd2 {[%emt 0:00:19] [#]} R3c6 $1 ({Much worse is} 34... N2xa4 $6 35. Bxc3 Nxc3 36. Rxa5 $15) 35. Bxa5 (35. Bf4 $17) 35... N2c4 36. Bxb6 (36. Bd2 ) 36... Nxb6 37. Qd2 Nc4 38. Qe1 Qd6 39. a5 Ra6 (39... Na3 $142 40. c4 Nxc4) 40. Kg2 Qc6 41. Ba4 Qc7 42. Bb3 Rca8 (42... Kh7 $19 43. Rf2 Qd8) 43. Rf2 (43. Qe2 $17 {is a better defense.}) 43... Rxa5 $2 (43... b6 $19 44. Qe2 b5) 44. Rxa5 Qxa5 45. Qxa5 Rxa5 46. Re2 $2 (46. Bxc4 $1 $11 {and White stays safe.} dxc4 47. Re2) 46... b5 47. Kf2 (47. Re1 {war einen Versuch wert.}) 47... Kg8 (47... Ra1 $19 {has better winning chances.} 48. Re1 Ra3) 48. Bxc4 (48. Re1 $17) 48... bxc4 49. Kg3 (49. c3 $142) 49... Ra3+ 50. Kh4 Rc3 51. Rh2 Kf7 52. Kh5 Rf3 53. h4 e3 (53... c3 $142 54. Rg2 {[#]} Rd3 $1 ) 54. Re2 Rf4 $2 (54... Rg3 $19 55. c3 Kf8) 55. Rxe3 Rxd4 56. Ra3 Kg8 57. g5 fxg5 $2 {[%emt 0:02:25] [#]} (57... hxg5 $11 {and Black stays safe.} 58. Kg6 Kf8 59. hxg5 Rg4 60. Ra8+ Ke7 61. Ra7+ Kd6 62. Rxg7 Rxg5+ 63. Kxf6 Rh5) 58. hxg5 $2 (58. Kg6 $1 $18 Kf8 59. Ra8+ Ke7 60. Kxg7) 58... hxg5 59. Kg6 Kf8 60. Ra8+ Ke7 61. Kxg7 Rf4 62. Ra7+ Kd6 63. f6 Ke5 64. f7 Kd4 65. Ra3 Ke4 66. f8=Q Rxf8 67. Kxf8 d4 68. Ra4 c3 69. Kf7 g4 70. Ra1 d3 71. Re1+ Kd4 72. cxd3 Kxd3 73. Rg1 c2 74. Rg3+ $2 (74. Kg6 $11) 74... Kd2 75. Rg2+ Kc3 76. Rxg4 c1=Q 77. Rg6 Kd4 78. Rd6+ Ke5 79. Re6+ Kd5 80. Rf6 Qg5 81. Rf1 Qh5+ 82. Kf8 Kd6 83. Rf6+ Kd7 84. Rf7+ Ke6 85. Rf1 Qh8# {[%emt 0:00:08] Rf7 Kd7# Rf6 Qh5 Rg6 Qh8+} 0-1

[Event "II Duchamp Open 2018"]
[Site "Rio de Janeiro"]
[Date "2018.11.16"]
[Round "3"]
[White "Maia, Jose Eduardo Bastos"]
[Black "Nascimento, Pedro Henrique Alve"]
[Result "1-0"]
[ECO "C00"]
[WhiteElo "2093"]
[BlackElo "2007"]
[Annotator "NA RC"]
[PlyCount "67"]
[EventDate "2018.11.14"]
[EventType "swiss"]
[EventCountry "BRA"]
[SourceTitle "playchess.com"]
[Source "ChessBase"]
[SourceQuality "1"]
[TimeControl "5400+30"]

1. e4 e6 2. d3 c5 3. Nf3 Nc6 4. g3 g6 5. Bg2 Bg7 6. O-O Nge7 7. c3 e5 {[%emt 0:02:56] LiveBook: 240 Games A04: Unusual lines after 1 Nf3 and King's Indian Attack} (7... d5 8. Qe2 O-O 9. h4 e5 10. h5 Bg4 11. h6 Bh8 12. Na3 d4 13. Bd2 a6 14. c4 Qd7 15. Qe1 Rae8 16. Nh2 Bh3 {0-1 (44) Jones,G (2677)-Lenderman,A (2630) chess.com INT 2018}) 8. a4 d6 9. Na3 Bg4 $146 ({Predecessor:} 9... O-O 10. Bg5 h6 11. Bxe7 Nxe7 12. Nc4 Be6 13. a5 Qc7 14. Qa4 f5 15. a6 {1-0 (41) Mortensen,E (2424)-El Kher,H (2338) Aarhus 1999}) 10. h3 Bxf3 11. Bxf3 O-O 12. Nc2 Qb6 13. b4 cxb4 14. Be3 Qd8 15. cxb4 f5 16. b5 Na5 17. Rb1 d5 18. exd5 Nxd5 19. Bd2 Nf6 {[%emt 0:05:00] Decoy} 20. Bb4 Rf7 21. Ne3 Rb8 22. Qe1 b6 {[%emt 0:01:58] [#]} 23. Bxa5 $1 bxa5 24. Nc4 Re7 $2 (24... Rc8 $16) 25. Nxa5 ({Wrong is} 25. Nxe5 $2 Ne8 $19) 25... Qxd3 26. Be2 Qc2 27. Nc6 Reb7 28. Nxb8 Rxb8 29. Qd1 Qc5 30. Rc1 Qe7 31. Rc6 Rd8 32. Qc1 h6 33. Rc7 Qb4 $18 34. Qc4+ 1-0

[Event "II Duchamp Open 2018"]
[Site "Rio de Janeiro"]
[Date "2018.11.16"]
[Round "3"]
[White "Santos Filho, Tadeu Sousa"]
[Black "Moyses Sobrinho, Elias"]
[Result "1-0"]
[ECO "A45"]
[WhiteElo "2078"]
[BlackElo "1931"]
[Annotator "NA RC"]
[PlyCount "89"]
[EventDate "2018.11.14"]
[EventType "swiss"]
[EventCountry "BRA"]
[SourceTitle "playchess.com"]
[Source "ChessBase"]
[SourceQuality "1"]
[TimeControl "5400+30"]

1. d4 Nf6 2. Bg5 Ne4 3. Bf4 c5 4. d5 d6 5. f3 Nf6 6. e4 {[%emt 0:00:31] LiveBook: 63 Games} Nbd7 {[%emt 0:00:28] A45: Trompowsky Attack} (6... g6 7. Nc3 Bg7 8. Qd2 a6 9. a4 Nbd7 10. Bh6 Bxh6 11. Qxh6 Qa5 12. Ra3 Nb6 13. Be2 Bd7 14. Qd2 g5 15. h4 {0-1 (63) Moiseenko,A (2667)-Melkumyan,H (2633) Riadh 2017}) 7. Qd2 g6 8. c4 Bg7 9. Nc3 O-O 10. Bh6 Qb6 $146 ({Black should play} 10... Bxh6 $14 11. Qxh6 Rb8) ({Predecessor:} 10... a6 11. h4 Re8 12. Bxg7 Kxg7 13. h5 Ng8 14. g4 {1-0 (26) Gohil,H (2298)-Nagel,N (1779) Frankfurt 2012}) 11. O-O-O ({Better is} 11. Bxg7 $16 Kxg7 12. f4) 11... Ne5 $2 (11... Bxh6 $11 12. Qxh6 Qb4) 12. Kc2 $2 ({White has to play} 12. Bxg7 $18 Kxg7 13. f4) 12... a5 $2 {[%emt 0:00:42] [#]} (12... Bxh6 $15 {keeps the upper hand.} 13. Qxh6 Qb4) 13. a4 $2 ({White must play} 13. Bxg7 $1 $18 Kxg7 14. f4) 13... Qb4 {[%emt 0:00:16] [#]} 14. b3 (14. Bxg7 $1 $16 Kxg7 15. b3) 14... Nfd7 (14... Bxh6 $14 15. Qxh6 Rd8) 15. h3 (15. Bxg7 $18 Kxg7 16. f4) 15... f5 ({Better is} 15... b5 $14) 16. Bxg7 Kxg7 17. f4 Nf7 {[%emt 0:00:38] [#]} 18. exf5 $1 gxf5 19. Re1 Re8 20. Nb5 Qxd2+ 21. Kxd2 Nf6 22. Bd3 e5 23. dxe6 Rxe6 24. Rxe6 Bxe6 25. Nc7 Re8 26. Nxe8+ Nxe8 27. Nf3 Kf6 28. Re1 Ng7 29. Ke3 h6 30. g3 Ne8 31. Rg1 h5 32. Be2 d5 (32... Nd8 $142 33. Ng5 Ng7) 33. cxd5 Bxd5 34. Bc4 Be4 $2 (34... Bxc4 35. bxc4 Ned6) 35. Bxf7 Kxf7 36. Ng5+ {[%emt 0:00:14] Double Attack} Kf6 37. Nxe4+ fxe4 38. Rd1 Ke6 39. Kxe4 Nf6+ 40. Kf3 Nd5 41. g4 hxg4+ 42. hxg4 Ne7 43. Re1+ Kf6 {[%emt 0:00:28] [#]} 44. Rxe7 $1 Kxe7 45. Ke4 1-0

[Event "II Duchamp Open 2018"]
[Site "Rio de Janeiro"]
[Date "2018.11.16"]
[Round "3"]
[White "Peixoto, Rudson Marinho"]
[Black "Campos, Alexandre Ferreira"]
[Result "0-1"]
[ECO "B01"]
[WhiteElo "2007"]
[BlackElo "2076"]
[Annotator "NA RC"]
[PlyCount "120"]
[EventDate "2018.11.14"]
[EventType "swiss"]
[EventCountry "BRA"]
[SourceTitle "playchess.com"]
[Source "ChessBase"]
[SourceQuality "1"]
[TimeControl "5400+30"]

1. e4 d5 2. exd5 Nf6 3. d4 Nxd5 4. c4 Nb6 5. Nf3 {[%emt 0:00:46] LiveBook: 394 Games} Bg4 6. Be2 e6 7. O-O {[%emt 0:00:28] B01: Scandinavian Defence} c5 (7... Be7 8. Nc3 O-O 9. Be3 Nc6 10. b3 Qc8 11. h3 Bf5 12. a4 Rd8 13. a5 Nd7 14. Qc1 Nb4 15. Ra4 c5 16. dxc5 Nd3 17. Bxd3 Bxd3 18. c6 {½-½ (83) Yeritsyan,A (2332)-Saulin,D (2376) Sochi 2018}) 8. Be3 N8d7 9. Nc3 Be7 $146 ({Predecessor:} 9... Bxf3 10. Bxf3 Nxc4 11. Bf4 Bd6 12. Bxd6 Nxd6 13. dxc5 Nf5 14. Bxb7 Rb8 {1-0 (48) Krupica,P-Joklik,P Morava 1994}) 10. d5 O-O 11. Qb3 exd5 12. cxd5 c4 13. Qc2 g6 14. Rfd1 Bf5 15. Qd2 Bc5 16. Nd4 Qf6 17. h3 (17. Nxf5 $16 Qxf5 18. Bxc5 Nxc5 19. Qd4) 17... Rfe8 18. Nxf5 Qxf5 19. Bg4 (19. Bd4 $14) 19... Bxe3 $1 20. fxe3 Qe5 21. e4 Nc5 22. Bf3 Nd3 23. b3 Qg3 24. bxc4 Nf4 25. Qe1 Nxh3+ 26. Kf1 Qf4 27. c5 (27. Ne2 $11 {keeps the balance.} Qf6 28. Qc3 Qxc3 29. Nxc3) 27... Nc4 28. Rd3 (28. d6 $142 Ne3+ 29. Ke2 Nxd1 30. Rxd1) 28... Ne5 29. Qe3 (29. Rad1 $17 {keeps fighting.} Ng5 30. d6) 29... Nxd3 30. Qxd3 Ng5 31. Rb1 Nxf3 (31... Rac8 $19 {has better winning chances.} 32. Ne2 Qh2) 32. Qxf3 Qc7 33. Qf2 (33. Qf6 $17) 33... Rac8 34. d6 (34. Rb5 {was worth a try.} b6 35. c6) 34... Qxc5 35. d7 Qxc3 36. Kg1 b6 ({But not} 36... Rxe4 37. dxc8=N Qxc8 38. Qxa7 $19) 37. dxc8=Q Rxc8 38. Qf4 Qd4+ 39. Kh1 Rc5 40. g4 h5 41. Rf1 Qd7 42. Rg1 hxg4 43. Rxg4 Qd1+ 44. Kh2 Rh5+ 45. Kg2 Qh1+ 46. Kf2 Qh2+ (46... Rh2+ $142 47. Qxh2 Qxh2+ 48. Rg2 Qf4+ {[%mdl 64] Double Attack} 49. Ke1 Qxe4+ 50. Re2 Qf5) 47. Ke3 $2 (47. Qxh2 $19 Rxh2+ 48. Ke3) 47... Qxf4+ $2 (47... Rh3+ 48. Qf3 Rxf3+ 49. Kxf3 Qxa2) 48. Rxf4 Rh3+ 49. Kd4 Rh2 50. Kd5 Rxa2 51. e5 Kg7 52. Re4 g5 53. e6 (53. Rc4 $142) 53... fxe6+ 54. Kxe6 Kg6 55. Re1 g4 $19 56. Re5 Ra5 57. Re1 Kg5 58. Rg1 Rf5 59. Rh1 a5 60. Rh8 Rb5 0-1